 Dungeon Crawl Stone Soup version 0.30.0-5-g1a98f26d00 (webtiles) character file.

Game seed: 12249529006414696057

21470 qeuew the Protected (level 12, -8/103 (108) HPs)
             Began as a Minotaur Fighter on May 8, 2023.
             Was an Elder of Ru.
             Killed from afar by an oklob plant (11 damage)
             ... with a splash of acid
             ... on level 2 of the Lair of Beasts.
             The game lasted 00:18:21 (10656 turns).

qeuew the Protected (Minotaur Fighter)             Turns: 10656, Time: 00:18:22

HP:   -8/103 (108)  AC:  9    Str: 20 (23) XL:     12   Next: 54%
MP:   11/11         EV: 17    Int:  5      God:    Ru [****..]
Gold: 1382          SH: 11    Dex: 13      Spells: 11/11 levels left

rFire   + . .        a - +1 war axe
rCold   . . .        c - +0 buckler
rNeg    . . .        n - +18 Lear's hauberk
rPois   .            (helmet currently unavailable)
rElec   .            (no cloak)
rCorr   .            (gloves currently unavailable)
SInv    .            (boots currently unavailable)
Will    .....        b - amulet of regeneration Stlth
                     l - ring of protection from fire
HPRegen 1.17/turn    q - +5 ring of evasion
MPRegen 0.12/turn

%: no passive effects
@: corroded, lightly drained
A: horns 2, no stealth, inability to use devices, no air magic, no hexes magic,
no summoning magic, retaliatory headbutt, talons 1, iridescent scales 1, large
bone plates 1, deterioration 1
a: Renounce Religion, Draw Out Power, Power Leap


You were on level 2 of the Lair of Beasts.
You worshipped Ru.
Ru was greatly pleased with you.
You visited 2 branches of the dungeon, and saw 12 of its levels.
You also visited: Ossuary and Bailey.

You collected 1382 gold pieces.

Inventory:

Hand Weapons
 a - a +1 war axe (weapon)
Missiles
 g - a throwing net (quivered)
Armour
 c - a +0 buckler (worn)
 n - the +18 Lear's hauberk (worn)
   (You found it on level 6 of the Dungeon)
Jewellery
 b - an amulet of regeneration (around neck)
 l - a ring of protection from fire (left hand)
 q - a +5 ring of evasion (right hand)
 s - a ring of protection from fire
Scrolls
 d - 2 scrolls of magic mapping
 e - 6 scrolls of enchant armour
 h - 9 scrolls of enchant weapon
 j - 6 scrolls of teleportation
 k - 4 scrolls of identify
Potions
 f - 6 potions of heal wounds
 i - 6 potions of curing
 m - 2 potions of magic
 o - a potion of haste
 p - 2 potions of resistance


   Skills:
 + Level 10.9 Fighting
 + Level 10.7 Axes
 * Level 14.9 Armour
 + Level 9.5 Dodging
 + Level 11.0 Shields
   Level 0.0 Evocations


You had 11 spell levels left.
You didn't know any spells.
Your spell library contained the following spells:

 Spells                   Type           Power      Damage    Failure   Level
 Apportation              Tloc           0%         N/A       95%         1
 Beastly Appendage        Tmut           0%         N/A       95%         1
 Sublimation of Blood     Necr           0%         N/A       99%         2
 Wereblood                Tmut           0%         N/A       99%         2
 Frozen Ramparts          Ice            0%         1d1       100%        3
 Gell's Gravitas          Tloc           0%         N/A       100%        3
 Spider Form              Tmut/Pois      0%         N/A       100%        3
 Stone Arrow              Conj/Erth      0%         3d7       100%        3
 Teleport Other           Tloc           0%         N/A       100%        3
 Animate Dead             Necr           0%         N/A       100%        4
 Petrify                  Tmut/Erth      0%         N/A       100%        4
 Alistair's Intoxication  Tmut/Pois      0%         N/A       100%        5
 Borgnjor's Vile Clutch   Necr/Erth      0%         N/A       100%        5
 Irradiate                Conj/Tmut      0%         3d11      100%        5
 Death Channel            Necr           0%         N/A       100%        6
 Dispersal                Tloc           0%         N/A       100%        6
 Lehudib's Crystal Spear  Conj/Erth      0%         10d2      100%        8
 Animate Armour           Summ/Erth      Unusable   N/A       N/A         4

Dungeon Overview and Level Annotations

Branches:
Dungeon (10/15)            Temple (0/1) D:7            Lair (2/5) D:10
    Orc (0/2) D:9         Ossuary (visited)          Bailey (visited)
  Swamp: Lair:2-3    Shoals: Lair:2-3     Snake: Lair:2-3    Spider: Lair:2-3

Altars:
Ashenzari
Dithmenos
Elyvilon
Fedhas
Kikubaaqudgha
Makhleb
Nemelex Xobeh
Qazlal
Ru
Sif Muna
Uskayaw
Vehumet
Wu Jian
Xom

Shops:
D:10 *

Portals:
Trove: D:10 (give 14 scrolls of teleportation)

Annotations:
Lair:2 exclusion: oklob plant


Innate Abilities, Weirdness & Mutations

You have a pair of horns on your head.
You cannot be stealthy.
You cannot study or use magical devices.
You cannot study or cast Air magic.
You cannot study or cast Hexes magic.
You cannot study or cast Summoning magic.
You reflexively headbutt those who attack you in melee.
You have sharp toenails.
You are partially covered in iridescent scales. (AC +2)
You are partially covered in large bone plates. (SH +4)
Your body sometimes deteriorates upon taking damage.


Message History

You headbutt the oklob plant, but do no damage.
The oklob plant is severely damaged.
The oklob plant spits acid at you. The splash of acid hits you!
* * * LOW HITPOINT WARNING * * *
Your body deteriorates!
You feel weakened. The acid corrodes you!
You hit the oklob plant but do no damage.
You claw the oklob plant, but do no damage.
The oklob plant is severely damaged.
Unknown command.
You hit the oklob plant but do no damage.
The oklob plant is severely damaged.
Unknown command.
You hit the oklob plant but do no damage.
You claw the oklob plant, but do no damage.
The oklob plant is severely damaged.
The oklob plant spits acid at you. The splash of acid hits you!!
* * * LOW HITPOINT WARNING * * *
Unknown command.
Aiming: Power Leap
Press: ? - help, Dir - move target, f - oklob plant
Aim: an oklob plant (severely damaged)
You can't leap on top of the monster!
Aiming: Power Leap
Press: ? - help, Dir - move target, f/p - oklob plant
Aim: an oklob plant (severely damaged)
Okay, then.
Aiming: Power Leap
Press: ? - help, Dir - move target, f/p - oklob plant
Aim: an oklob plant (severely damaged)
You can't leap on top of the monster!
Aiming: Power Leap
Press: ? - help, Dir - move target, p - oklob plant You can't see that place.
Okay, then.
The oklob plant spits acid at you. The splash of acid hits you!
You die...

♣♣♣♣♣.♣........#.##
♣.♣..♣♣♣P....#..###
♣.♣♣♣♣♣#..#.#..### #
♣.♣.♣.♣♣♣###....... ## ♣♣♣♣.♣.♣
#........ .## ♣♣♣♣♣.♣♣ #.........
..### ♣P♣..♣♣ #..........
....#### ♣$$.♣♣ ...........
#......###### ♣.@.♣ .##........
###.........♣♣♣♣$$$♣ #P........
.#####.......♣♣♣♣♣♣♣ ##........
## #[.......♣♣♣♣♣♣♣♣###........
### ##.........<.....P###.......
..#####................P###......
...........##......##...#.#......
.....###.##.......####...####....
.....##.####......#P.......###...


You could see an oklob plant.

Vanquished Creatures
  A two-headed ogre (D:7)
  Urug (Lair:1)
  An orc knight (Bailey)
  An oklob plant (Lair:2)
  4 elephants (Lair:1)
  A torpor snail (Lair:1)
  2 rime drakes
  6 cane toads
  A komodo dragon (Lair:1)
  2 polar bears (D:10)
  A troll (D:9)
  A hornet (D:9)
  4 hogs (D:7)
  A vampire (D:10)
  3 wyverns
  2 wraiths
  A human (D:7)
  4 basilisks (Lair:1)
  4 steam dragons
  25 yaks
  Menkaure (D:7)
  4 wargs (D:9)
  7 water moccasins
  2 acid dragons (D:9)
  Duvessa (D:4)
  5 ice beasts
  12 orc warriors
  2 sky beasts (D:8)
  14 wolves
  2 ogres
  3 centaurs
  3 phantoms
  2 kobold brigands
  A gnoll sergeant (D:9)
  9 bullfrogs
  An elf zombie (Ossuary)
  6 scorpions
  8 wights (D:8)
  Dowan (D:4)
  8 killer bees
  2 howler monkeys
  2 electric eels (Lair:1)
  3 centaur zombies (Ossuary)
  4 jellies
  2 hounds
  A human zombie (Ossuary)
  Crazy Yiuf (D:4)
  5 orc priests
  2 gnoll boudas
  2 sleepcaps
  2 iguanas (D:5)
  5 orc wizards
  2 mummies (Ossuary)
  12 gnolls
  5 adders
  An ufetubus (D:6)
  2 adder zombies (Ossuary)
  3 worms
  5 dart slugs
  55 orcs
  7 bats
  2 endoplasms
  12 giant cockroaches
  13 goblins
  6 hobgoblins
  6 jackals
  2 quokkas
  6 ball pythons
  A goblin zombie (Ossuary)
  11 hobgoblin zombies (Ossuary)
  7 kobolds
  9 kobold zombies (Ossuary)
  7 orc zombies (Ossuary)
  5 rats
  2 rat zombies (Ossuary)
370 creatures vanquished.

Vanquished Creatures (others)
  An unseen horror (D:10)
  A water moccasin (Lair:1)
  An orc wizard (D:8)
  2 kobolds (D:9)
5 creatures vanquished.

Grand Total: 375 creatures vanquished

Notes
Turn   | Place    | Note
-------+----------+-------------------------------------------
     0 | D:1      | qeuew the Minotaur Fighter began the quest for the Orb.
     0 | D:1      | Reached XP level 1. HP: 19/19 MP: 0/0
   158 | D:1      | Reached XP level 2. HP: 27/27 MP: 1/1
   190 | D:1      | Reached skill level 4 in Armour
   684 | D:2      | Reached XP level 3. HP: 33/33 MP: 2/2
   781 | D:2      | Reached skill level 1 in Dodging
   898 | D:2      | Noticed a phantom
   909 | D:2      | Killed a phantom
   910 | D:2      | Reached skill level 5 in Armour
   910 | D:2      | Reached XP level 4. HP: 30/41 MP: 3/3
   910 | D:2      | Reached XP level 5. HP: 34/47 MP: 4/4
  2188 | D:4      | Identified the +1 robe "Xid Kea" {rElec rPois Dex+3}
  2213 | D:4      | Found a sand-covered staircase.
  2220 | Ossuary  | Entered an ossuary
  2369 | Ossuary  | Reached XP level 6. HP: 41/53 MP: 5/5
  2447 | Ossuary  | Reached skill level 5 in Fighting
  2447 | Ossuary  | Reached skill level 6 in Armour
  2618 | Ossuary  | Reached skill level 5 in Shields
  2764 | D:4      | Noticed Dowan
  2764 | D:4      | Noticed Duvessa
  2777 | D:4      | Killed Duvessa
  2778 | D:4      | Reached XP level 7. HP: 17/61 MP: 6/6
  2781 | D:4      | Killed Dowan
  3083 | D:4      | Reached skill level 7 in Armour
  3184 | D:4      | Found a runed translucent door.
  3185 | D:4      | Noticed Crazy Yiuf
  3538 | D:4      | Killed Crazy Yiuf
  3578 | D:4      | Gained mutation: You expend magic power (3 MP) to
                  | strengthen your wands. [potion of mutation]
  3578 | D:4      | Gained mutation: Your mind is acute. (Int +4, Str/Dex -1)
                  | [potion of mutation]
  3579 | D:4      | Lost mutation: Your mind is acute. (Int +4, Str/Dex -1)
                  | [potion of mutation]
  3579 | D:4      | Lost mutation: You expend magic power (3 MP) to strengthen
                  | your wands. [potion of mutation]
  3579 | D:4      | Gained mutation: You are partially covered in iridescent
                  | scales. (AC +2) [potion of mutation]
  3611 | D:5      | Entered Level 5 of the Dungeon
  3636 | D:5      | Found a burning altar of Makhleb.
  3638 | D:5      | Found a shimmering blue altar of Sif Muna.
  3640 | D:5      | Found a sacrificial altar of Ru.
  3640 | D:5      | Found a stormy altar of Qazlal.
  3642 | D:5      | Found a broken altar of Ashenzari.
  3643 | D:5      | Found a radiant altar of Vehumet.
  3651 | D:5      | Reached skill level 5 in Axes
  3664 | D:5      | Became a worshipper of Ru the Awakened
  3726 | D:5      | Reached XP level 8. HP: 61/70 MP: 7/7
  3760 | D:5      | Found a blossoming altar of Fedhas.
  3762 | D:5      | Found a white marble altar of Elyvilon.
  3918 | D:5      | Found an ancient bone altar of Kikubaaqudgha.
  4390 | D:6      | Reached skill level 8 in Armour
  4624 | D:6      | Found a hide-covered altar of Uskayaw.
  4741 | D:6      | Found a shadowy altar of Dithmenos.
  4809 | D:6      | Gained mutation: You cannot study or use magical devices.
                  | [Ru sacrifice]
  4809 | D:6      | Reached * piety under Ru
  4809 | D:6      | Reached ** piety under Ru
  4970 | D:6      | Found the +18 Lear's hauberk
  5150 | D:7      | Noticed Menkaure
  5151 | D:7      | Noticed a two-headed ogre
  5159 | D:7      | Killed Menkaure
  5160 | D:7      | Killed a two-headed ogre
  5161 | D:7      | Reached skill level 9 in Armour
  5161 | D:7      | Reached skill level 5 in Dodging
  5161 | D:7      | Reached XP level 9. HP: 57/79 MP: 8/8
  5394 | D:7      | Found a staircase to the Ecumenical Temple.
  5490 | D:7      | Reached skill level 10 in Armour
  5701 | D:7      | Found a sparkling altar of Nemelex Xobeh.
  5887 | D:8      | Reached XP level 10. HP: 88/88 MP: 9/9
  6048 | D:8      | Found a flagged portal.
  6090 | D:8      | Reached skill level 11 in Armour
  6102 | Bailey   | Entered a bailey
  6223 | Bailey   | Noticed an orc knight
  6239 | Bailey   | Killed an orc knight
  6540 | D:8      | Acquired 617 gold pieces
  6549 | D:8      | Lost mutation: You are partially covered in iridescent
                  | scales. (AC +2) [potion of mutation]
  6549 | D:8      | Gained mutation: You are agile. (Dex +4, Str/Int -1)
                  | [potion of mutation]
  6549 | D:8      | Gained mutation: Armour fits poorly on your strangely
                  | shaped body. [potion of mutation]
  6549 | D:8      | Gained mutation: Your spells are a little harder to cast,
                  | but a little more powerful. [potion of mutation]
  6550 | D:8      | Lost mutation: Your spells are a little harder to cast, but
                  | a little more powerful. [potion of mutation]
  6550 | D:8      | Lost mutation: You are agile. (Dex +4, Str/Int -1) [potion
                  | of mutation]
  6550 | D:8      | Gained mutation: You are weak. (Str -2) [potion of
                  | mutation]
  6550 | D:8      | Gained mutation: Your body sometimes deteriorates upon
                  | taking damage. [potion of mutation]
  6550 | D:8      | Gained mutation: You expend magic power (3 MP) to
                  | strengthen your wands. [potion of mutation]
  6551 | D:8      | Lost mutation: You expend magic power (3 MP) to strengthen
                  | your wands. [potion of mutation]
  6551 | D:8      | Lost mutation: Armour fits poorly on your strangely shaped
                  | body. [potion of mutation]
  6551 | D:8      | Lost mutation: You are weak. (Str -2) [potion of mutation]
  6551 | D:8      | Gained mutation: You have sharp toenails. [potion of
                  | mutation]
  6551 | D:8      | Gained mutation: You are partially covered in large bone
                  | plates. (SH +4) [potion of mutation]
  6551 | D:8      | Gained mutation: You are partially covered in iridescent
                  | scales. (AC +2) [potion of mutation]
  6674 | D:8      | Found a shimmering altar of Xom.
  6857 | D:8      | Reached skill level 12 in Armour
  6948 | D:8      | Gained mutation: You cannot study or cast Air magic. [Ru
                  | sacrifice]
  6948 | D:8      | Gained mutation: You cannot study or cast Hexes magic. [Ru
                  | sacrifice]
  6948 | D:8      | Gained mutation: You cannot study or cast Summoning magic.
                  | [Ru sacrifice]
  6948 | D:8      | Reached *** piety under Ru
  7325 | D:9      | Reached XP level 11. HP: 82/97 MP: 10/10
  7516 | D:9      | Found a staircase to the Orcish Mines.
  7864 | D:9      | Paralysed by a hornet for 2 turns
  8056 | D:10     | Entered Level 10 of the Dungeon
  8062 | D:10     | Found a staircase to the Lair.
  8075 | D:10     | Reached skill level 13 in Armour
  8436 | D:10     | Found Kiarovomm's General Store.
  8568 | D:10     | Found a portal to a secret trove of treasure.
  8695 | D:10     | Found an ornate altar of the Wu Jian Council.
  8758 | D:10     | Reached skill level 10 in Shields
  8903 | D:10     | Gained mutation: You cannot be stealthy. [Ru sacrifice]
  8903 | D:10     | Reached **** piety under Ru
  8996 | Lair:1   | Entered Level 1 of the Lair of Beasts
  9005 | Lair:1   | Reached skill level 10 in Fighting
  9119 | Lair:1   | Reached skill level 14 in Armour
  9119 | Lair:1   | Reached XP level 12. HP: 106/106 MP: 11/11
  9150 | Lair:1   | Reached skill level 10 in Axes
  9486 | Lair:1   | Noticed Urug
  9500 | Lair:1   | Killed Urug
 10093 | Lair:2   | Got the Commentary on the Azure Panacea
 10621 | Lair:2   | Found a blossoming altar of Fedhas.
 10655 | Lair:2   | HP: 2/103 [oklob plant/splash of acid (21)]
 10656 | Lair:2   | Killed from afar by an oklob plant

Illustrated notes

Levels and vault maps discovered:
D:1:      reono_arrival_mine, layout_loops_ring, minmay_box_of_dots
D:2:      layout_loops_ring
D:3:      minmay_roachtagon, layout_basic, kennysheep_cross_room
D:4:      layout_loops_cross, nicolae_ossuary_entry_ruins,
          hangedman_abyss_or_decor_passed, uniq_crazy_yiuf_cottage, uniq_duvessa
D:5:      layout_loops_cross, grunt_temple_overflow_open,
          nicolae_kikubaaqudgha_miasma_corner, jmf_multi_god_temple
D:6:      layout_loops_cross, lemuel_crystal_altar,
          nicolae_uskayaw_murder_on_the_dancefloor
D:7:      layout_loops_ring, nemelex_dance_club_becter,
          minmay_temple_entry_statues_fountains, st_stairs_2, grunt_livestock,
          uniq_menkaure
D:8:      layout_cave_pods, xom_confusion_cloud, enter_bailey_5
D:9:      layout_cave_pods, minmay_orc_entry_guard_dogs
D:10:     layout_basic, nzn_wu_jian_contemplation, hellmonk_lair_entry_icy,
          special_room [special_room_orc], nicolae_trove_entry_crystal,
          serial_shops, shop_statue
Lair:1:   layout_small_grid, serial_bayou_pond_d, grunt_megastairs_5,
          serial_bayou_shore_a, uniq_urug
Lair:2:   layout_cave_pods, hangedman_tree_tricks, lemuel_fruit_tree,
          infiniplex_staircase_pool_2

Skill      XL: |  1  2  3  4  5  6  7  8  9 10 11 12 |
---------------+-------------------------------------+-----
Armour         | 4 5 6 7 9 10 12 14 | 14.9
Fighting       | 4 5 7 9 10 | 10.9
Dodging        | 1 2 3 5 6 7 8 9 |  9.5
Shields        | 4 5 7 8 9 10 11 | 11.0
Axes           | 3 4 5 6 7 8 9 10 | 10.7

Action                     |  1- 3 |  4- 6 |  7- 9 | 10-12 || total
---------------------------+-------+-------+-------+-------++-------
  Melee: War axe           |    75 |   163 |   195 |   612 ||  1045
         Headbutt          |    11 |    22 |    41 |   144 ||   218
         Kick              |       |       |       |   172 ||   172
 Invoke: Sacrifice Artific |       |       |     1 |       ||     1
         Sacrifice Arcana  |       |       |       |     1 ||     1
         Sacrifice Stealth |       |       |       |     1 ||     1
         Draw Out Power    |       |       |       |     1 ||     1
    Use: Scroll            |     5 |     6 |     4 |     1 ||    16
         Potion            |       |     3 |     4 |     7 ||    14
   Stab: Invisible         |       |       |       |     3 ||     3
         Distracted        |       |       |       |     1 ||     1
 Armour: Scale mail        |    32 |    84 |    58 |       ||   174
         Chain mail        |       |       |    44 |   452 ||   496
  Dodge: Dodged            |    42 |    88 |   113 |   407 ||   650
  Block: Buckler           |    19 |    37 |    60 |   342 ||   458
